 Dungeon Crawl Stone Soup version 0.28.0-43-g3370ac3207 (webtiles) character file.

Game seed: 16984323703653658684

177297 sking99 the Bludgeoner (level 17, -1/123 HPs)
             Began as a Demonspawn Monk on Mar 23, 2022.
             Was the Champion of Makhleb.
             Slain by a boulder beetle (18 damage)
             ... on level 1 of the Spider Nest.
             The game lasted 00:51:50 (27139 turns).

sking99 the Bludgeoner (Demonspawn Monk)           Turns: 27139, Time: 00:51:50

Health: -1/123     AC:  7    Str: 19    XL:     17   Next: 53%
Magic:  0/28       EV:  9    Int: 15    God:    Makhleb [******]
Gold:   2684       SH: 18    Dex: 18    Spells: 16/16 levels left

rFire   . . .      SeeInvis +   b - +7 eveningstar (drain)
rCold   + + +      Faith    .   j - +2 kite shield {AC+3}
rNeg    + + .      Spirit   +   V - +3 plate armour "Voeme" {+Blink rN+ Slay+3 SInv}
rPois   +          Reflect  +   Q - +1 hat
rElec   +          Harm     .   (cloak unavailable)
rCorr   .          Rampage  .   U - +0 pair of gloves of Lugonu's Generosity {rC++}
Will    +....                   (boots unavailable)
Stlth   ..........              S - amulet of reflection
HPRegen 0.30/turn               c - ring of poison resistance
MPRegen 0.42/turn               D - ring "Pelu Jirr" {rElec rC+ rN+ Int+3}

@: corroded
A: antennae 1, hooves 3, spiny 3, magic shield, magic regeneration, weakness
stinger 3, claws 1, agile 1, frail 1
a: Renounce Religion, Evoke Blink, Minor Destruction, Lesser Servant of Makhleb,
Major Destruction, Greater Servant of Makhleb


You were on level 1 of the Spider Nest.
You worshipped Makhleb.
Makhleb was exalted by your worship.
You visited 4 branches of the dungeon, and saw 24 of its levels.
You also visited: Sewer, Bailey and Ice Cave.

You collected 3659 gold pieces.
You spent 975 gold pieces at shops.

Inventory:

Hand Weapons
 b - a +7 eveningstar of draining (weapon)
Missiles
 N - 3 throwing nets (quivered)
Armour
 j - a +2 kite shield of protection (worn)
 Q - a +1 hat (worn)
 U - the +0 pair of gloves of Lugonu's Generosity (worn) {rC++}
   (You bought it in a shop on level 2 of the Orcish Mines)

   rC:        It greatly protects you from cold.
 V - the +3 plate armour "Voeme" (worn) {+Blink rN+ Slay+3 SInv}
   (You bought it in a shop on level 2 of the Orcish Mines)

   Slay:      It affects your accuracy & damage with ranged weapons and melee
   (+3).
   rN:        It protects you from negative energy.
   SInv:      It lets you see invisible.
   +Blink:    It lets you blink.
Jewellery
 c - a ring of poison resistance (left hand)
 g - a ring of flight
 h - a +6 ring of strength
 l - a ring of resist corrosion
 n - a ring of positive energy
 y - a +4 ring of slaying
 C - a +6 ring of intelligence
 D - the ring "Pelu Jirr" (right hand) {rElec rC+ rN+ Int+3}
   (You found it in an ice cave)

   [ring of protection from cold]

   Int:       It affects your intelligence (+3).
   rC:        It protects you from cold.
   rElec:     It insulates you from electricity.
   rN:        It protects you from negative energy.
 S - an amulet of reflection (around neck)
Wands
 p - a wand of digging (18)
 s - a wand of polymorph (27)
 x - a wand of iceblast (15)
 A - a wand of acid (22)
 I - a wand of flame (14)
 J - a wand of charming (2)
 O - a wand of mindburst (6)
Scrolls
 d - 7 scrolls of teleportation
 f - 2 scrolls of vulnerability
 o - 2 scrolls of enchant armour
 q - a scroll of enchant weapon
 z - 3 scrolls of fear
 B - 2 scrolls of immolation
 K - 5 scrolls of magic mapping
 L - 4 scrolls of summoning
 M - 3 scrolls of blinking
 P - a scroll of fog
 W - 2 scrolls of amnesia
 Y - a scroll of silence
Potions
 a - 9 potions of ambrosia
 e - 3 potions of resistance
 i - 9 potions of curing
 k - 9 potions of heal wounds
 m - 9 potions of haste
 r - 3 potions of cancellation
 t - 2 potions of invisibility
 u - 3 potions of magic
 v - 5 potions of lignification
 w - 2 potions of flight
 E - a potion of attraction
 G - 6 potions of might
 H - 9 potions of brilliance


   Skills:
 - Level 13.5 Fighting
 - Level 16.0 Maces & Flails
 - Level 11.7 Armour
 - Level 8.1 Dodging
 - Level 1.7 Stealth
 * Level 8.1 Shields
 - Level 15.0 Invocations


You had 16 spell levels left.
You didn't know any spells.
Your spell library contained the following spells:

 Spells                   Type           Power      Damage    Failure   Level
 Animate Skeleton         Necr           0%         N/A       100%        1
 Beastly Appendage        Tmut           0%         N/A       100%        1
 Pain                     Necr           0%         1d4       100%        1
 Blink                    Tloc           0%         N/A       100%        2
 Sublimation of Blood     Necr           0%         N/A       100%        2
 Wereblood                Tmut           0%         N/A       100%        2
 Conjure Flame            Conj/Fire      0%         6-21      100%        3
 Gell's Gravitas          Tloc           0%         N/A       100%        3
 Ignite Poison            Fire/Tmut/Pois 0%         N/A       100%        3
 Lesser Beckoning         Tloc           0%         N/A       100%        3
 Stone Arrow              Conj/Erth      0%         3d7       100%        3
 Teleport Other           Tloc           0%         N/A       100%        3
 Vampiric Draining        Necr           0%         2d6       100%        3
 Animate Armour           Summ/Erth      0%         N/A       100%        4
 Ice Form                 Ice/Tmut       0%         N/A       100%        4
 Sticky Flame             Conj/Fire      0%         2d3       100%        4
 Alistair's Intoxication  Tmut/Pois      0%         N/A       100%        5
 Blade Hands              Tmut           0%         N/A       100%        5
 Manifold Assault         Tloc           0%         N/A       100%        5
 Metabolic Englaciation   Hex/Ice        0%         N/A       100%        5
 Yara's Violent Unravell  Hex/Tmut       0%         3d3       100%        5
 Simulacrum               Ice/Necr       0%         N/A       100%        6
 Malign Gateway           Summ/Tloc      0%         N/A       100%        7
 Storm Form               Tmut/Air       0%         N/A       100%        7
 Summon Hydra             Summ           0%         N/A       100%        7
 Lehudib's Crystal Spear  Conj/Erth      0%         10d2      100%        8
 Summon Horrible Things   Summ           0%         N/A       100%        8


Dungeon Overview and Level Annotations

Branches:
Dungeon (15/15)            Temple (0/1) D:6            Lair (6/6) D:10
  Swamp (0/4) Lair:3       Spider (1/4) Lair:2        Slime (0/5) Lair:6
    Orc (2/2) D:10            Elf (0/3) Orc:2        Vaults (0/5) D:13
 Depths (0/4) D:15          Sewer (visited)          Bailey (visited)
  IceCv (visited)

Altars:
Cheibriados
Dithmenos
Elyvilon
Hepliaklqana
Makhleb
Nemelex Xobeh
Okawaru
Uskayaw
Vehumet
Xom
Zin
The Shining One
Jiyva

Shops:
D:2 *:*   D:7 *   D:10 [   Orc:2 **:[

Annotations:
D:12 1 runed translucent door, exclusion: orange crystal statue
Lair:4 2 transporters


Innate Abilities, Weirdness & Mutations

You have a pair of small antennae on your head.
You have hooves in place of feet.
You are completely covered in sharp spines.
When hurt, damage is shared between your health and your magic reserves.
You regenerate magic rapidly.
You have a sharp stinger which inflicts weakening toxins.
You have sharp fingernails.
You are agile. (Dex +2)
You are frail. (-10% HP)


Message History

You block the wolf spider simulacrum's attack.
The wolf spider simulacrum bites you!
* * * LOW HITPOINT WARNING * * *
The wolf spider simulacrum freezes you. You resist.
* * * LOW HITPOINT WARNING * * *
The wolf spider is struck by your spines.
The wolf spider hits you but does no damage.
The wolf spider bites you but does no damage.
As you read the scroll of teleportation, it crumbles to dust.
You feel strangely unstable.
You feel very sick.
You block the wolf spider simulacrum's attack. x2
You block the wolf spider's attack. The wolf spider bites you.
* * * LOW HITPOINT WARNING * * *
You feel better. You block the wolf spider's attack. The wolf spider bites you.
* * * LOW HITPOINT WARNING * * *
The wolf spider simulacrum closely misses you.
You block the wolf spider simulacrum's attack.
The wolf spider is struck by your spines.
The wolf spider hits you but does no damage.
The wolf spider bites you.
* * * LOW HITPOINT WARNING * * *
Your surroundings suddenly seem different.
A boulder beetle comes into view.
Found 3 scrolls of identify and a rapier.
The boulder beetle curls into a ball and begins rolling!
A tarantella comes into view.
The boulder beetle is struck by your spines.
The boulder beetle hits you!
* * * LOW HITPOINT WARNING * * *
The boulder beetle stops rolling and uncurls.
The tarantella hisses angrily.
You hit the boulder beetle. You kick the boulder beetle.
You tail-slap the boulder beetle, but do no damage.
The boulder beetle is moderately wounded.
A redback comes into view.
You sock the boulder beetle! You drain the boulder beetle!
The boulder beetle is heavily wounded.
The boulder beetle bites you!!
You die...

#^ #.## #. ... #
.# #.. ### # ..
#.. #.### . #
#.#.. ..#.# ..
s.#...)##.?.##...
...............##
.#B○#@........#
#....B..........
#...#########.#.
##. #


You could see a boulder beetle (drained) and a redback.

Vanquished Creatures
  2 azure jellies (IceCv)
  A fire giant (D:15)
  An emperor scorpion (Spider:1)
  A quicksilver ooze (IceCv)
  An ironbound preserver (D:13)
  Nessos (D:15)
  3 entropy weavers (D:14)
  4 boulder beetles
  11 hydras
  Harold (D:9)
  2 ghost crabs (D:14)
  3 catoblepae (Lair:6)
  7 centaur warriors
  A death knight (D:13)
  10 death yaks (Lair:6)
  A radroach (Spider:1)
  4 orc high priests
  3 two-headed ogres
  5 tengu warriors
  6 fire crabs (D:14)
  An orb spider (shapeshifter) (D:14)
  5 skeletal warriors
  2 pharaoh ants (Spider:1)
  A steelbarb worm (Spider:1)
  A wizard (D:14)
  A lindwurm (Lair:6)
  6 ugly things
  An orc sorcerer (Orc:1)
  2 wolf spiders
  7 manticores
  An apocalypse crab (D:14)
  2 orc knights (Orc:1)
  2 cyclopes (D:13)
  2 ice statues (IceCv)
  An elephant (D:9)
  Maurice (D:11)
  4 black mambas
  Joseph (D:9)
  2 torpor snails (Lair:6)
  A gargoyle (D:11)
  Maggie (D:8)
  2 rime drakes (Lair:4)
  Psyche (D:8)
  A freezing wraith (D:15)
  An unseen horror (D:13)
  4 demonic crawlers (Spider:1)
  6 komodo dragons
  4 entropy weaver simulacra (IceCv)
  14 cane toads
  An efreet (D:13)
  3 meliai (Lair:4)
  A hornet (D:10)
  5 trolls
  2 polar bears
  10 slime creatures
  A queen bee (Lair:4)
  A tarantella (Spider:1)
  18 blink frogs
  7 culicivoras (Spider:1)
  2 jumping spiders (Spider:1)
  4 wyverns
  2 shadows (D:12)
  Sigmund (D:2)
  5 wraiths
  4 steam dragons
  38 yaks
  13 basilisks
  2 vampire mosquitoes (D:12)
  6 redbacks (Spider:1)
  Menkaure (D:6)
  Edmund (D:5)
  An acid dragon (D:9)
  9 water moccasins
  A swamp drake (D:10)
  A hornet zombie (D:8)
  20 orc warriors
  An ice beast (D:7)
  2 sky beasts
  5 black bears
  8 ogres
  5 ugly thing simulacra (IceCv)
  A necrophage (D:6)
  21 wolves
  5 boggarts (D:15)
  A phantom (D:4)
  9 centaurs
  2 kobold brigands
  5 bullfrogs
  5 scorpions
  4 glowing shapeshifter simulacra (IceCv)
  A wyvern skeleton (D:5)
  39 killer bees
  3 howler monkeys (D:8)
  13 wights
  2 centaur zombies
  2 bullfrog zombies
  10 jellies
  3 gnoll shamans (D:7)
  4 hounds
  34 orc priests
  A centaur skeleton (D:5)
  Ijyb (D:5)
  A bullfrog skeleton (D:6)
  29 orc wizards
  Natasha (thrice) (D:2)
  3 iguanas
  A killer bee zombie (D:6)
  A hound skeleton (D:5)
  A howler monkey zombie (D:6)
  A howler monkey skeleton (D:7)
  17 gnolls
  9 adders
  A shadow imp (D:7)
  2 white imps
  6 worms
  2 dart slugs
  71 orcs
  9 bats
  10 endoplasms
  14 giant cockroaches
  7 goblins
  4 hobgoblins
  8 jackals (D:2)
  13 kobolds
  3 quokkas
  12 ball pythons
  A frilled lizard (D:15)
  5 rats
727 creatures vanquished.

Vanquished Creatures (collateral kills)
  A hydra (Lair:6)
  2 yaks (Lair:6)
  2 orc warriors (Orc:2)
  An orc priest (Orc:2)
  A gnoll (Bailey)
  2 orcs (Orc:2)
9 creatures vanquished.

Vanquished Creatures (others)
  A manticore (D:14)
  A slime creature (IceCv)
  A bush (D:8)
  A fire vortex (D:14)
  23 fungi
  22 plants
49 creatures vanquished.

Grand Total: 785 creatures vanquished

Notes
Turn   | Place    | Note
-------+----------+-------------------------------------------
     0 | D:1      | sking99 the Demonspawn Monk began the quest for the Orb.
     0 | D:1      | Reached XP level 1. HP: 18/18 MP: 1/1
   114 | D:1      | Reached skill level 3 in Maces & Flails
   188 | D:1      | Discovered your monstrous ancestry.
   188 | D:1      | Gained mutation: You have a small tail. [demonic ancestry]
   188 | D:1      | Reached XP level 2. HP: 22/24 MP: 2/2
   860 | D:1      | Found a faded altar of an unknown god.
  1181 | D:2      | Reached XP level 3. HP: 29/29 MP: 3/3
  1338 | D:2      | Noticed Natasha
  1347 | D:2      | Killed Natasha
  1348 | D:2      | Reached skill level 4 in Maces & Flails
  1367 | D:2      | Found Ibog's General Store.
  1442 | D:2      | Found Essyugh's Assorted Antiques.
  1518 | D:2      | Gained mutation: You have a tail ending in a sharp stinger.
                  | [demonic ancestry]
  1518 | D:2      | Reached XP level 4. HP: 31/35 MP: 4/4
  1625 | D:2      | Noticed Natasha
  1632 | D:2      | Killed Natasha
  1830 | D:2      | Found Tiecaz's Book Shoppe.
  1919 | D:2      | Noticed Sigmund
  2064 | D:2      | Noticed Natasha
  2077 | D:2      | Killed Natasha
  2078 | D:2      | Reached skill level 5 in Maces & Flails
  2345 | D:2      | Killed Sigmund
  2346 | D:2      | Reached skill level 6 in Maces & Flails
  2346 | D:2      | Gained mutation: You are partially covered in sharp spines.
                  | [demonic ancestry]
  2346 | D:2      | Reached XP level 5. HP: 30/41 MP: 5/5
  2346 | D:2      | Gained mutation: You are mostly covered in sharp spines.
                  | [demonic ancestry]
  2346 | D:2      | Reached XP level 6. HP: 34/47 MP: 6/6
  2537 | D:3      | Found a hide-covered altar of Uskayaw.
  2880 | D:3      | Found a sparkling altar of Nemelex Xobeh.
  3532 | D:4      | Identified a scroll of acquirement
  3532 | D:4      | Acquired a +2 eveningstar of protection
  3548 | D:4      | Reached skill level 7 in Maces & Flails
  3646 | D:3      | Gained mutation: You have a pair of small antennae on your
                  | head. [demonic ancestry]
  3646 | D:3      | Reached XP level 7. HP: 42/52 MP: 7/7
  3649 | D:3      | Reached skill level 1 in Armour
  3753 | D:4      | Found a glowing drain.
  3781 | Sewer    | Entered a sewer
  3952 | Sewer    | Found a viscous altar of Jiyva.
  4710 | D:4      | Reached skill level 8 in Maces & Flails
  4710 | D:4      | Gained mutation: You regenerate magic rapidly. [demonic
                  | ancestry]
  4710 | D:4      | Reached XP level 8. HP: 53/60 MP: 8/8
  4926 | D:5      | Entered Level 5 of the Dungeon
  4926 | D:5      | Noticed Ijyb
  4933 | D:5      | Killed Ijyb
  5517 | D:5      | Reached skill level 5 in Fighting
  5523 | D:5      | Found a burning altar of Makhleb.
  5529 | D:5      | Became a worshipper of Makhleb the Destroyer
  5529 | D:5      | Reached * piety under Makhleb
  5529 | D:5      | Reached ** piety under Makhleb
  5719 | D:5      | Noticed Edmund
  5723 | D:5      | Reached skill level 1 in Invocations
  5732 | D:5      | Killed Edmund
  5733 | D:5      | Reached skill level 9 in Maces & Flails
  5979 | D:6      | Gained mutation: You are completely covered in sharp
                  | spines. [demonic ancestry]
  5979 | D:6      | Reached XP level 9. HP: 57/68 MP: 9/11
  5990 | D:6      | Noticed Menkaure
  5995 | D:6      | Killed Menkaure
  6042 | D:6      | Found a hazy altar of Hepliaklqana.
  6226 | D:6      | Found a staircase to the Ecumenical Temple.
  6344 | D:6      | Found a shadowy altar of Dithmenos.
  6715 | D:7      | Found Huacup's Overcharged Wands.
  6892 | D:7      | Reached skill level 10 in Maces & Flails
  7067 | D:7      | Reached *** piety under Makhleb
  7072 | D:7      | Reached skill level 5 in Armour
  7077 | D:7      | Reached skill level 5 in Invocations
  7079 | D:7      | Found a flagged portal.
  7089 | Bailey   | Entered a bailey
  8250 | D:8      | Gained mutation: You have large cloven feet. [demonic
                  | ancestry]
  8250 | D:8      | Reached XP level 10. HP: 71/71 MP: 14/14
  8257 | D:8      | Noticed Maggie
  8265 | D:8      | Killed Maggie
  8269 | D:8      | Reached **** piety under Makhleb
  8677 | D:8      | Noticed Psyche
  8684 | D:8      | Killed Psyche
  8809 | D:8      | Found an iron altar of Okawaru.
  9320 | D:9      | Reached skill level 11 in Maces & Flails
  9579 | D:9      | Noticed Harold
  9587 | D:9      | Killed Harold
  9853 | D:10     | Entered Level 10 of the Dungeon
  9853 | D:10     | Noticed Joseph
  9853 | D:10     | Found a staircase to the Lair.
  9855 | D:10     | Noticed an elephant
  9862 | D:9      | Killed Joseph
  9965 | D:9      | Killed an elephant
 10015 | D:10     | Reached XP level 11. HP: 86/86 MP: 16/16
 10035 | D:10     | Reached ***** piety under Makhleb
 10671 | D:10     | Found Cheibriados's Comfort Zone.
 10672 | D:10     | Found a snail-covered altar of Cheibriados.
 10732 | D:10     | Found a staircase to the Orcish Mines.
 10747 | D:10     | Reached skill level 12 in Maces & Flails
 10877 | Lair:1   | Entered Level 1 of the Lair of Beasts
 10951 | Lair:1   | Noticed a boulder beetle
 10962 | Lair:1   | Killed a boulder beetle
 11165 | Lair:1   | Got Sif Muna's Grimoire of Transmigration
 11603 | Lair:1   | Noticed a four-headed hydra
 11609 | Lair:1   | Killed a four-headed hydra
 11969 | Lair:2   | Noticed a four-headed hydra
 11976 | Lair:2   | Killed a four-headed hydra
 12187 | Lair:2   | Found a hole to the Spider Nest.
 12266 | Lair:2   | You fall into a shaft and drop 1 floor!
 12267 | Lair:3   | Noticed a five-headed hydra
 12273 | Lair:3   | Killed a five-headed hydra
 12274 | Lair:3   | Reached skill level 13 in Maces & Flails
 12274 | Lair:3   | Gained mutation: When hurt, damage is shared between your
                  | health and your magic reserves. [demonic ancestry]
 12274 | Lair:3   | Reached XP level 12. HP: 75/95 MP: 19/19
 12308 | Lair:3   | Found a staircase to the Swamp.
 12564 | Lair:3   | Reached skill level 10 in Invocations
 12613 | Lair:3   | Noticed a six-headed hydra
 12628 | Lair:3   | Killed a six-headed hydra
 14128 | Lair:4   | Found a transporter.
 14129 | Lair:4   | Found the macabre finger necklace {rN+}
 14167 | Lair:4   | Found a transporter.
 14518 | Lair:4   | Reached skill level 10 in Fighting
 14521 | Lair:4   | Reached ****** piety under Makhleb
 14524 | Lair:4   | Reached skill level 14 in Maces & Flails
 15395 | Lair:5   | Noticed a four-headed hydra
 15402 | Lair:5   | Killed a four-headed hydra
 15403 | Lair:5   | Reached XP level 13. HP: 99/103 MP: 17/21
 15826 | Lair:6   | Entered Level 6 of the Lair of Beasts
 16270 | Lair:6   | Found a viscous altar of Jiyva.
 16271 | Lair:6   | Found a staircase to the Slime Pits.
 16289 | Lair:6   | Reached skill level 15 in Maces & Flails
 16720 | Lair:6   | Gained mutation: You have hoof-like feet. [demonic
                  | ancestry]
 16720 | Lair:6   | Reached XP level 14. HP: 113/113 MP: 21/23
 17468 | Orc:1    | Entered Level 1 of the Orcish Mines
 17770 | Orc:2    | Entered Level 2 of the Orcish Mines
 17985 | Orc:2    | Reached skill level 16 in Maces & Flails
 19014 | Orc:2    | Gained mutation: Armour fits poorly on your strangely
                  | shaped body. [a neqoxec]
 19070 | Orc:2    | Found a staircase to the Elven Halls.
 19448 | Orc:2    | Found Anaeraj's General Store.
 19448 | Orc:2    | Found Zitsy's Assorted Antiques.
 19449 | Orc:2    | Found Xoapt's Antique Armour Boutique.
 19453 | Orc:2    | Found Bieruler's Book Boutique.
 20063 | Orc:2    | Bought a pair of bloodstained gloves for 247 gold pieces
 20063 | Orc:2    | Identified the +0 pair of gloves of Lugonu's Generosity
                  | {rC++} (You bought it in a shop on level 2 of the Orcish
                  | Mines)
 20063 | Orc:2    | Bought a jewelled plate armour for 728 gold pieces
 20063 | Orc:2    | Identified the +3 plate armour "Voeme" {+Blink rN+ Slay+3
                  | SInv} (You bought it in a shop on level 2 of the Orcish
                  | Mines)
 20179 | D:11     | Found a frozen archway.
 20188 | IceCv    | Entered an ice cave
 20258 | IceCv    | Got the ring "Pelu Jirr" {rElec rC+ rN+ Int+3}
 20350 | IceCv    | Reached skill level 5 in Dodging
 20375 | IceCv    | Reached skill level 10 in Armour
 20408 | IceCv    | Noticed a quicksilver ooze
 20410 | IceCv    | Killed a quicksilver ooze
 20462 | IceCv    | Found a viscous altar of Jiyva.
 20462 | IceCv    | Noticed an azure jelly
 20468 | IceCv    | Killed an azure jelly
 20471 | IceCv    | Noticed an azure jelly
 20479 | IceCv    | Killed an azure jelly
 20567 | IceCv    | Got the Almanac of Cold
 20969 | D:11     | Noticed Maurice
 20980 | D:11     | Killed Maurice
 22163 | D:12     | Acquired 901 gold pieces
 22651 | D:12     | Found a runed translucent door.
 22739 | D:12     | Found the +2 Maxwell's thermic engine {flame, freeze}
 22741 | D:12     | Gained mutation: You have a sharp stinger which inflicts
                  | weakening toxins. [demonic ancestry]
 22741 | D:12     | Reached XP level 15. HP: 122/122 MP: 25/25
 22742 | D:12     | Reached XP level 16. HP: 130/130 MP: 26/26
 23128 | D:13     | Lost mutation: Armour fits poorly on your strangely shaped
                  | body. [potion of mutation]
 23128 | D:13     | Gained mutation: Your body sometimes deteriorates upon
                  | taking damage. [potion of mutation]
 23128 | D:13     | Gained mutation: Your mind is acute. (Int +2) [potion of
                  | mutation]
 23128 | D:13     | Gained mutation: You have hidden genetic defects. [potion
                  | of mutation]
 23128 | D:13     | Gained mutation: You are partially covered in iridescent
                  | scales. (AC +2) [potion of mutation]
 23129 | D:13     | Lost mutation: You have hidden genetic defects. [potion of
                  | mutation]
 23129 | D:13     | Lost mutation: Your mind is acute. (Int +2) [potion of
                  | mutation]
 23129 | D:13     | Lost mutation: You are partially covered in iridescent
                  | scales. (AC +2) [potion of mutation]
 23129 | D:13     | Gained mutation: You are partially covered in iridescent
                  | scales. (AC +2) [potion of mutation]
 23129 | D:13     | Gained mutation: You are frail. (-10% HP) [potion of
                  | mutation]
 23130 | D:13     | Lost mutation: You are frail. (-10% HP) [potion of
                  | mutation]
 23130 | D:13     | Lost mutation: You are partially covered in iridescent
                  | scales. (AC +2) [potion of mutation]
 23130 | D:13     | Lost mutation: Your body sometimes deteriorates upon taking
                  | damage. [potion of mutation]
 23130 | D:13     | Gained mutation: You have sharp fingernails. [potion of
                  | mutation]
 23130 | D:13     | Gained mutation: You are agile. (Dex +2) [potion of
                  | mutation]
 23130 | D:13     | Gained mutation: You are frail. (-10% HP) [potion of
                  | mutation]
 23395 | D:13     | Found a gate to the Vaults.
 23840 | D:13     | Found a radiant altar of Vehumet.
 23938 | D:14     | Found a viscous altar of Jiyva.
 23947 | D:14     | Gained mutation: You have hooves in place of feet. [demonic
                  | ancestry]
 23947 | D:14     | Reached XP level 17. HP: 123/123 MP: 28/28
 24228 | D:14     | Reached skill level 15 in Invocations
 24391 | D:14     | Found a runed translucent door.
 24409 | D:14     | Reached skill level 1 in Shields
 25805 | D:14     | You fall into a shaft and drop 1 floor!
 25805 | D:15     | Entered Level 15 of the Dungeon
 25913 | D:15     | Found a shimmering altar of Xom.
 25976 | D:15     | Reached skill level 5 in Shields
 26017 | D:15     | Noticed Nessos
 26022 | D:15     | Killed Nessos
 26170 | D:15     | Found a staircase to the Depths.
 27023 | Spider:1 | Entered Level 1 of the Spider Nest
 27139 | Spider:1 | Slain by a boulder beetle

Illustrated notes

Levels and vault maps discovered:
D:1:      sevenhm_arrival_forest_fort_small_6, layout_loops_ring,
          shapermc_ecumenical_altar_notcrosses, patterned_corridor
D:2:      layout_loops_ring, serial_shops, nicolae_shop_waterfront, shop, shop,
          kennysheep_generic_room_13, uniq_sigmund, uniq_natasha
D:3:      minmay_diamond_boxcup, layout_loops_corners,
          nicolae_overflow_crystal_walls, zin_academy,
          nemelex_spade_bored_becter
D:4:      layout_gridville, cheibrodos_sewer_entry_sluice
D:5:      layout_cave_pools, kennysheep_little_box, uniq_ijyb, uniq_edmund
D:6:      layout_basic, mainiacjoe_overflow_alcove_1,
          mainiacjoe_overflow_24_doors, minmay_temple_entry_overgrown,
          uniq_menkaure
D:7:      layout_loops_ring, enter_bailey_5, nicolae_shop_overcharged_wands
D:8:      layout_loops_ring, mainiacjoe_overflow_chevrons, uniq_psyche,
          uniq_maggie
D:9:      layout_roguey, kennysheep_mini, mainiacjoe_overflow_tiny_flanked,
          hangedman_decor_opposing, uniq_harold
D:10:     layout_irregular_city, david_lair_generic, erik_orc_1,
          minmay_shop_chei, uniq_joseph
D:11:     layout_layer_cave, portal_ice_cave_entry_pillars_1, uniq_maurice
D:12:     layout_stronghold, minmay_crystal_box
D:13:     layout_roguey, skrybe_vaults_entry_preservation, drop_trap,
          nicolae_vehumet_altar_sigil
D:14:     gammafunk_mikee_crab_dinner, layout_irregular_city,
          kennysheep_cluttered_room, jiyva_altar_1
D:15:     grunt_enter_depths_giant_problem, layout_cave_pools, tgw_xom,
          uniq_nessos
Lair:1:   layout_long_grid
Lair:2:   layout_layer_cave, nicolae_spider_entry_non_spiders
Lair:3:   layout_regular_city, swamp_mist_pool, kennysheep_basilisk_garden
Lair:4:   gammafunk_worm_tunnel, layout_hall_layers, special_room
          [special_room_bee], infiniplex_staircase_pool_2, grunt_megastairs_2
Lair:5:   layout_regular_city
Lair:6:   evilmike_catoblepas_cave, layout_cellular_growth, slime_altar_1
Spider:1: layout_spider_delve, drop_trap, nicolae_spider_bzzzt
Orc:1:    layout_caves
Orc:2:    st_orc_mages, layout_caves

Skill      XL: |  1  2  3  4  5  6  7  8  9 10 11 12 13 14 15 16 17 |
---------------+----------------------------------------------------+-----
Maces & Flails | 3 4 6 7 8 9 10 11 13 14 15 16 | 16.0
Armour         | 2 4 5 6 7 8 9 10 11 | 11.7
Fighting       | 4 5 6 7 9 10 11 12 13 | 13.5
Invocations    | 2 5 7 9 11 13 14 15 | 15.0
Dodging        | 4 6 7 8 |  8.1
Shields        | 8 |  8.1
Stealth        | |  1.7

Action                   |  1- 3 |  4- 6 |  7- 9 | 10-12 | 13-15 | 16-18 || total
-------------------------+-------+-------+-------+-------+-------+-------++-------
Melee: Mace              |    92 |    62 |       |       |       |       ||   154
       Tailslap          |    11 |     5 |    32 |    60 |    94 |    62 ||   264
       Punch             |       |     1 |     5 |     1 |       |       ||     7
       Eveningstar       |       |     8 |   250 |   399 |   464 |   285 ||  1406
       Kick              |       |       |       |       |       |   101 ||   101
Invok: Lesser Servant of |       |       |     1 |       |     1 |       ||     2
       Minor Destruction |       |       |       |       |     2 |     1 ||     3
       Major Destruction |       |       |       |       |     2 |     3 ||     5
       Greater Servant o |       |       |       |       |     1 |       ||     1
  Use: Scroll            |       |     1 |    12 |    19 |     3 |     2 ||    37
       Potion            |       |       |       |       |     2 |     4 ||     6
 Stab: Sleeping          |     7 |     4 |     3 |       |       |       ||    14
       Held in net/web   |       |       |       |     1 |       |       ||     1
       Petrified         |       |       |       |       |     1 |       ||     1
Armor: Robe              |    23 |       |       |       |       |       ||    23
       Leather armour    |    14 |    15 |    18 |       |       |       ||    47
       Chain mail        |       |       |    80 |   270 |   188 |       ||   538
       Plate armour      |       |       |       |       |    86 |   197 ||   283
Dodge: Dodged            |    71 |    35 |    95 |   181 |   169 |   106 ||   657
Block: Other             |       |       |    32 |     4 |       |       ||    36
       Orb               |       |       |       |    45 |   116 |    14 ||   175
       Reflection        |       |       |       |     3 |     4 |    14 ||    21
       Kite shield       |       |       |       |       |       |   223 ||   223
